 Dungeon Crawl Stone Soup version 0.19.0-24-gb05acd6 (webtiles) character file.

8169 Ijustatesigmund the Cleaver (level 11, 0/101 HPs)
             Began as a Minotaur Monk on Nov 22, 2016.
             Was an Elder of Okawaru.
             Slain by an ogre
             ... wielding a +0 giant spiked club
              (19 damage)
             ... on level 10 of the Dungeon.
             The game lasted 00:25:19 (8862 turns).

Ijustatesigmund the Cleaver (Minotaur Monk)         Turns: 8862, Time: 00:25:20

Health: 0/101      AC: 20    Str: 19    XL:     11   Next: 6%
Magic:  15/15      EV:  9    Int:  7    God:    Okawaru [****..]
Gold:   183        SH:  5    Dex: 15    Spells: 0 memorised, 10 levels left

rFire  . . .     SeeInvis .     a - +8 flail of Xom {holy, Str+2}
rCold  + . .     Gourm    .     F - +2 plate armour
rNeg   . . .     Faith    .     (no shield)
rPois  .         Spirit   .     (helmet restricted)
rElec  .         Reflect  +     e - +2 cloak
rCorr  .         Harm     .     (no gloves)
MR     +....                    (no boots)
Stlth  ..........               w - +5 amulet of reflection
                                o - ring of protection from cold
                                s - ring of protection from magic

@: no status effects
A: retaliatory headbutt, horns 2
a: Heroism, Renounce Religion


You were on level 10 of the Dungeon.
You worshipped Okawaru.
Okawaru was greatly pleased with you.
You were not hungry.

You visited 2 branches of the dungeon, and saw 11 of its levels.
You also visited: Sewer.

You collected 452 gold pieces.
You spent 269 gold pieces at shops.

Inventory:

Hand Weapons
 a - the +8 flail of Xom (weapon) {holy, Str+2}
   (You found it on level 6 of the Dungeon)

   It has been blessed by the Shining One to cause great damage to the undead
   and demons.
   It affects your strength (+2).
 z - a +1 war axe
Armour
 e - a +2 cloak (worn)
 F - a +2 plate armour (worn)
Jewellery
 b - a +2 ring of dexterity
 o - a ring of protection from cold (right hand)
 s - a ring of protection from magic (left hand)
 w - a +5 amulet of reflection (around neck)
 D - an uncursed ring of protection from cold
Wands
 m - a wand of iceblast (4/15)
 y - a wand of confusion (33/48)
 C - a wand of iceblast (6/15)
 E - a wand of iceblast (7/15)
 H - a wand of polymorph (2/24)
Scrolls
 d - 3 scrolls of remove curse
 i - a scroll of fog
 j - 4 scrolls of enchant armour
 n - 4 scrolls of amnesia
Potions
 g - 5 potions of curing
 h - 3 potions of mutation
 l - a potion of ambrosia
 p - a potion of invisibility {unknown}
 q - a potion of magic {unknown}
 r - 2 potions of brilliance {unknown}
 u - 2 potions of haste
 v - a potion of lignification {unknown}
 x - 5 potions of flight
 A - 2 potions of agility {unknown}
 G - 2 potions of might
Books
 t - a book of Callings

   Spells                             Type                      Level
   a - Summon Small Mammal            Summoning                    1
   b - Call Imp                       Summoning                    2
   c - Call Canine Familiar           Summoning                    3
   d - Summon Guardian Golem          Hexes/Summoning              3
   e - Summon Lightning Spire         Summoning/Air                4
   f - Summon Ice Beast               Ice/Summoning                4
Comestibles
 c - 4 bread rations
 f - 4 meat rations
 k - 2 beef jerkies
 B - 3 fruits


   Skills:
 - Level 10.7 Fighting
 - Level 10.9 Axes
 + Level 10.9 Armour
 - Level 5.3 Dodging
 - Level 1.5 Stealth
 + Level 6.7 Invocations


You had 10 spell levels left.
You didn't know any spells.

Dungeon Overview and Level Annotations

Branches:
Dungeon (10/15)            Temple (1/1) D:7            Lair (0/6) D:8
    Orc (0/2) D:9

Altars:
Ashenzari
Cheibriados
Dithmenos
Elyvilon
Fedhas
Gozag
Hepliaklqana
Kikubaaqudgha
Makhleb
Nemelex Xobeh
Okawaru
Qazlal
Ru
Sif Muna
Trog
Uskayaw
Vehumet
Xom
Yredelemnul
Zin
The Shining One

Shops:
D:5 *   D:8 [   D:9 =

Annotations:
D:10 Urug


Innate Abilities, Weirdness & Mutations

You reflexively headbutt those who attack you in melee.
You have a pair of horns on your head.


Message History

Your plate armour prevents you from hitting Urug.
Urug is heavily wounded.
Urug hits you with a demon trident of pain!!
You writhe in agony.
You block the ogre's attack.
The iguana bites you but does no damage.
You thump Urug! Your headbutt misses Urug.
Urug is heavily wounded.
Urug hits you with a demon trident of pain!!
You writhe in agony.
The iguana closely misses you. You block the ogre's attack.
You sock Urug!
Urug is severely wounded.
Urug hits you with a demon trident of pain!!
* * * LOW HITPOINT WARNING * * *
You writhe in agony.
* * * LOW HITPOINT WARNING * * *
The iguana closely misses you. You furiously retaliate!
You headbutt the iguana, but do no damage.
The ogre hits you with a giant spiked club!!
You die...

....## ..
.......######.#
#..............##
#.........$.....##
#.................
#................
#........l.......
#.......O@o...#
#......(......#
#.#..(......###
###<####### ###


You could see Urug, an ogre and an iguana.

Vanquished Creatures
  The ghost of dscm the Thaumaturge, a novice OpEE of Cheibriados (D:7)
  Pikel (D:4)
  Maurice (D:9)
  Psyche (D:9)
  A hippogriff (D:8)
  2 wyverns (D:8)
  6 yaks (D:9)
  A hungry ghost (D:9)
  A water moccasin (D:8)
  2 hell hounds (D:8)
  A black bear (D:7)
  4 slaves
  4 orc warriors (D:9)
  An eye of draining (D:9)
  4 sky beasts
  A phantom (D:9)
  10 ogres
  3 centaurs
  A big kobold (Sewer)
  Blork the orc (D:6)
  2 bullfrogs
  6 killer bees
  2 howler monkeys (D:7)
  The ghost of dscm the Digger, a weakling OpEE (D:3)
  2 centaur zombies
  4 crimson imps
  2 bullfrog zombies
  2 jellies
  5 orc priests
  5 orc wizards
  Crazy Yiuf (D:3)
  A gnoll shaman (D:5)
  6 hounds
  An iguana (D:9)
  6 worker ants
  A hound skeleton (D:4)
  A hound zombie (D:5)
  2 worker ant zombies
  11 gnolls
  20 adders
  6 river rats
  3 shadow imps
  An ooze (D:2)
  An adder skeleton (D:4)
  A dart slug (D:2)
  8 leopard geckos
  22 orcs
  5 giant cockroaches
  7 goblins
  11 hobgoblins
  20 jackals
  27 kobolds
  3 quokkas
  5 ball pythons
  9 bats
  9 frilled lizards
  A leopard gecko skeleton (D:7)
  A leopard gecko zombie (D:5)
  A quokka skeleton (D:6)
  26 rats
295 creatures vanquished.

Vanquished Creatures (others)
  Joseph (D:7)
1 creature vanquished.

Grand Total: 296 creatures vanquished

Notes
Turn   | Place    | Note
-------+----------+-------------------------------------------
     0 | D:1      | Ijustatesigmund the Minotaur Monk began the quest for the Orb.
     0 | D:1      | Reached XP level 1. HP: 19/19 MP: 0/0
   274 | D:1      | Reached XP level 2. HP: 24/27 MP: 1/1
   663 | D:2      | Reached XP level 3. HP: 19/33 MP: 2/2
   929 | D:2      | Reached XP level 4. HP: 41/41 MP: 3/3
  1579 | D:3      | Noticed dscm's ghost (weakling OpEE)
  1587 | D:3      | Killed dscm's ghost
  1587 | D:3      | Reached skill level 5 in Fighting
  1587 | D:3      | Reached skill level 5 in Axes
  1587 | D:3      | Reached XP level 5. HP: 35/48 MP: 4/4
  2166 | D:3      | Found a runed door.
  2170 | D:3      | Noticed Crazy Yiuf
  2177 | D:3      | Killed Crazy Yiuf
  2425 | D:4      | Reached skill level 5 in Dodging
  2436 | D:4      | Reached XP level 6. HP: 44/56 MP: 5/5
  2824 | D:4      | Reached skill level 1 in Armour
  2980 | D:4      | Reached XP level 7. HP: 63/63 MP: 6/6
  3078 | D:4      | Found a glowing drain.
  3082 | Sewer    | Entered a sewer
  3847 | D:5      | Entered Level 5 of the Dungeon
  3861 | D:5      | Found Anacap's General Store.
  3875 | D:5      | Bought a scroll of fog for 24 gold pieces
  4210 | D:5      | Noticed Pikel
  4534 | D:4      | Killed Pikel
  4534 | D:4      | Reached skill level 5 in Armour
  4534 | D:4      | Reached XP level 8. HP: 39/74 MP: 7/7
  5058 | D:5      | Found a radiant altar of Vehumet.
  5062 | D:5      | Found a white marble altar of Elyvilon.
  5067 | D:5      | Found a burning altar of Makhleb.
  5188 | D:6      | Got a shimmering flail
  5190 | D:6      | Identified the +8 flail of Xom {holy, Str+2} (You found it on level 6 of the Dungeon)
  5202 | D:6      | Noticed Blork the orc
  5216 | D:6      | Killed Blork the orc
  5347 | D:6      | Reached XP level 9. HP: 53/82 MP: 8/8
  5586 | D:7      | Noticed dscm's ghost (novice OpEE)
  5596 | D:7      | Killed dscm's ghost
  5640 | D:7      | Noticed Joseph
  5673 | D:7      | Killed Joseph
  5673 | D:7      | Reached skill level 10 in Fighting
  5673 | D:7      | Reached skill level 10 in Axes
  6005 | D:7      | Found a staircase to the Ecumenical Temple.
  6011 | Temple   | Entered the Ecumenical Temple
  6137 | Temple   | Became a worshipper of Warmaster Okawaru
  6137 | Temple   | Reached * piety under Okawaru
  6137 | Temple   | Reached ** piety under Okawaru
  6445 | D:8      | Reached skill level 1 in Invocations
  6617 | D:8      | Reached XP level 10. HP: 37/94 MP: 10/10
  7064 | D:8      | Found a staircase to the Lair.
  7224 | D:8      | Found Fuliazia's Antique Armour Emporium.
  7227 | D:8      | Bought an ichor-stained leather armour for 245 gold pieces
  7237 | D:8      | Identified the +1 leather armour of Least Resistance {Int+4} (You bought it in a shop on level 8 of the Dungeon)
  7661 | D:9      | Reached *** piety under Okawaru
  7950 | D:9      | Noticed Maurice
  7958 | D:9      | Killed Maurice
  7959 | D:9      | Noticed Psyche
  7961 | D:9      | Found a stormy altar of Qazlal.
  7965 | D:9      | Killed Psyche
  7965 | D:9      | Reached skill level 5 in Invocations
  7982 | D:9      | Reached skill level 10 in Armour
  8009 | D:9      | Reached **** piety under Okawaru
  8262 | D:9      | Found a hazy altar of Hepliaklqana.
  8278 | D:9      | Found Wobio's Jewellery Boutique.
  8710 | D:9      | Reached XP level 11. HP: 83/101 MP: 11/14
  8796 | D:9      | Found a staircase to the Orcish Mines.
  8850 | D:10     | Entered Level 10 of the Dungeon
  8850 | D:10     | Noticed Urug
  8862 | D:10     | Slain by an ogre

Skill      XL: |  1  2  3  4  5  6  7  8  9 10 |
---------------+-------------------------------+-----
Fighting       | 4 5 6 8 10 | 10.7
Axes           | 4 5 6 8 9 10 | 10.9
Dodging        | 4 5 |  5.3
Armour         | 1 5 6 8 10 | 10.9
Invocations    | 1 6 |  6.7
Stealth        | |  1.5

Action                   |  1- 3 |  4- 6 |  7- 9 | 10-12 || total
-------------------------+-------+-------+-------+-------++-------
Melee: Hand axe          |    68 |   135 |   207 |       ||   410
       Headbutt          |    11 |    28 |    67 |    39 ||   145
       War axe           |       |       |    38 |       ||    38
       Flail             |       |       |   114 |   198 ||   312
       Punch             |       |       |       |     1 ||     1
Invok: Heroism           |       |       |       |     3 ||     3
Evoke: Wand              |       |     2 |       |     2 ||     4
  Use: Scroll            |     7 |     3 |    10 |     5 ||    25
       Potion            |       |       |     7 |       ||     7
 Stab: Sleeping          |     4 |     2 |     2 |       ||     8
       Distracted        |     1 |       |       |       ||     1
  Eat: Chunk             |       |     6 |     7 |     4 ||    17
       Beef jerky        |       |       |     2 |       ||     2
       Fruit             |       |       |     1 |     3 ||     4
       Pizza             |       |       |     1 |     1 ||     2
Armor: Robe              |    14 |     7 |       |       ||    21
       Leather armour    |       |    31 |    35 |       ||    66
       Ring mail         |       |       |    77 |     5 ||    82
       Plate armour      |       |       |       |    77 ||    77
Dodge: Dodged            |    58 |   112 |   288 |    72 ||   530
Block: Other             |       |       |    13 |    29 ||    42
       Reflection        |       |       |     1 |       ||     1
